 Dungeon Crawl Stone Soup version 0.29-a0-319-gad05b8d819 (webtiles) character file.

Game seed: 10927815179853479375

149 kae the Firebug (level 5, 0/29 HPs)
             Began as a Tengu Fire Elementalist on Apr 1, 2022.
             Succumbed to a water moccasin's poison
             ... on level 3 of the Dungeon.
             The game lasted 00:01:51 (3118 turns).

kae the Firebug (Tengu Fire Elementalist)           Turns: 3118, Time: 00:01:52

Health: 0/29       AC:  2    Str:  9    XL:     5   Next: 31%
Magic:  9/9        EV: 15    Int: 17    God:
Gold:   103        SH:  0    Dex: 14    Spells: 2/8 levels left

rFire   . . .      SeeInvis .   r - +0 dagger (venom)
rCold   . . .      Faith    .   (no shield)
rNeg    . . .      Spirit   .   a - +0 robe
rPois   .          Reflect  .   (helmet restricted)
rElec   .          Harm     .   (no cloak)
rCorr   .          Rampage  .   (no gloves)
Will    .....                   (boots unavailable)
Stlth   ++........              c - amulet of magic regeneration
HPRegen 0.09/turn               (no ring)
MPRegen 0.51/turn               (no ring)

@: lethally poisoned (0 -> -16), flying quickly and evasively, quick
A: beak, talons 3, nimble flight
a: no special abilities


You were on level 3 of the Dungeon.
You visited 1 branch of the dungeon, and saw 4 of its levels.

You collected 103 gold pieces.

Inventory:

Hand Weapons
 r - a +0 dagger of venom (weapon)
Missiles
 d - a throwing net
Armour
 a - a +0 robe (worn)
Jewellery
 c - an amulet of magic regeneration (around neck)
Scrolls
 e - 2 scrolls of identify
 f - 2 scrolls of fear {unknown}
 i - a scroll of noise {unknown}
 j - a scroll of amnesia
 l - 2 scrolls of fog {unknown}
 p - a scroll of blinking {unknown}
 q - a scroll of vulnerability {unknown}
 u - a scroll of immolation {unknown}
Potions
 b - a potion of magic
 g - a potion of resistance
 k - a potion of haste
 m - a potion of degeneration {unknown}
 n - a potion of brilliance {unknown}
 s - 2 potions of attraction {unknown}
 t - 2 potions of heal wounds {unknown}


   Skills:
 + Level 1.6 Fighting
 + Level 1.5 Armour
 + Level 3.0 Dodging
 - Level 2.0 Stealth
 + Level 2.4 Spellcasting
 + Level 2.5 Conjurations
 * Level 4.4 Fire Magic


You had 2 spell levels left.
You knew the following spells:

 Your Spells              Type           Power      Damage    Failure   Level
a - Foxfire               Conj/Fire      56%        2x1d6     4%          1
b - Scorch                Fire           34%        2d7       4%          2
c - Conjure Flame         Conj/Fire      14%        6-21      13%         3

Your spell library contained the following spells:

 Spells                   Type           Power      Damage    Failure   Level
 Inner Flame              Hex/Fire       9%         N/A       22%         3
 Flame Wave               Conj/Fire      14%        2d6       41%         4
 Gell's Gravitas          Tloc           2%         N/A       50%         3
 Teleport Other           Tloc           2%         N/A       50%         3
 Dispersal                Tloc           1%         N/A       100%        6


Dungeon Overview and Level Annotations

Branches:
Dungeon (4/15)
 Temple: D:4-7

Altars:

Shops:
D:1 [   D:3 (   D:4 *


Innate Abilities, Weirdness & Mutations

You have a beak for a mouth.
You have claws for feet.
Your magical nature lets you fly swiftly and evasively.


Message History

You are poisoned.
The water moccasin poisons you! The water moccasin misses you.
You feel very sick.
The water moccasin bites you but does no damage.
Casting: Scorch (safe; 4% risk of failure)
Confirm with . or Enter, or press ? or * to list all spells.
Flames lash the water moccasin.
The water moccasin is burned terribly!
The water moccasin is heavily wounded.
You feel sick. The water moccasin barely misses you.
The water moccasin bites you!
You are lethally poisoned!
The water moccasin poisons you!
You feel very sick. The water moccasin bites you.
* * * LOW HITPOINT WARNING * * *
You are more poisoned.
The water moccasin poisons you!
It was a potion of curing.
You feel better. The water moccasin misses you.
The water moccasin completely misses you.
The water moccasin bites you.
You are lethally poisoned!
The water moccasin poisons you!
You fly upwards.
* * * LOW HITPOINT WARNING * * *
You feel very sick.
There is a stone staircase leading down here.
Okay, then.
You feel better. The water moccasin closely misses you.
As you read the scroll of teleportation, it crumbles to dust.
You feel strangely unstable. The water moccasin bites you.
The water moccasin closely misses you.
The water moccasin is no longer more vulnerable to fire.
The water moccasin misses you.
The water moccasin attacks as you move away!
The water moccasin bites you!
* * * LOW HITPOINT WARNING * * *
You are lethally poisoned!
The water moccasin poisons you!
Your surroundings suddenly seem different.
You die...

#># #.# #####
####.# #...####
#....# #.#....#
#.####
#)#..#.#####.#
#.#..........#
#####
#.##..########
#...#
#......@..#
#.#.#
####.####.#
#.#<# ###
#.#########.###
#...........###
##########....#
#.##.# #....#
######


There were no monsters in sight!

Vanquished Creatures
  Robin (D:2)
  3 gnolls
  2 adders
  5 worms
  2 dart slugs
  An orc (D:2)
  4 endoplasms
  A giant cockroach (D:2)
  6 hobgoblins
  4 jackals (D:2)
  3 quokkas (D:2)
  8 ball pythons
  3 bats
  8 frilled lizards
  12 goblins
  3 kobolds
  4 rats
70 creatures vanquished.

Vanquished Creatures (others)
  231 foxfires
231 creatures vanquished.

Grand Total: 301 creatures vanquished

Notes
Turn   | Place    | Note
-------+----------+-------------------------------------------
     0 | D:1      | kae the Tengu Fire Elementalist began the quest for the
                  | Orb.
     0 | D:1      | Reached XP level 1. HP: 10/10 MP: 4/4
   264 | D:1      | Reached XP level 2. HP: 16/16 MP: 3/6
   373 | D:1      | Found Isydaggokul's Armour Shop.
  1176 | D:2      | Reached XP level 3. HP: 20/20 MP: 7/7
  1179 | D:2      | Learned a level 2 spell: Scorch
  1183 | D:2      | Learned a level 3 spell: Conjure Flame
  1447 | D:2      | Reached skill level 1 in Fighting
  1511 | D:2      | Reached skill level 1 in Armour
  1637 | D:2      | Reached XP level 4. HP: 25/25 MP: 8/8
  1651 | D:2      | Reached skill level 4 in Fire Magic
  1770 | D:2      | Noticed Robin
  1783 | D:2      | Killed Robin
  1786 | D:2      | Identified the +1 robe "Jol Gyz" {Harm +Inv rPois}
  2508 | D:2      | Gained mutation: Your magical nature lets you fly swiftly
                  | and evasively. [Tengu growth]
  2508 | D:2      | Reached XP level 5. HP: 20/29 MP: 5/9
  2961 | D:3      | Found Jyosong's Antique Weapon Boutique.
  3102 | D:4      | Noticed a water moccasin
  3102 | D:4      | Found Pojif Ivvu's General Store.
  3118 | D:3      | Succumbed to a water moccasin's poison

Illustrated notes

Levels and vault maps discovered:
D:1:      dpeg_arrival_simpleton_c, layout_loops_ring, serial_shops,
          nicolae_square_shop
D:2:      layout_loops_ring, serial_rivers, chequers_serial_rivers_small_b,
          chequers_serial_rivers_micro_c, chequers_serial_rivers_small_b,
          chequers_serial_rivers_micro_c, chequers_serial_rivers_micro_d,
          chequers_serial_rivers_micro_a, minmay_circle_x, uniq_robin
D:3:      layout_basic, serial_shops, nicolae_shop_waterfront
D:4:      layout_loops_ring, minitemple, serial_shops, nicolae_stop_n_shop_2,
          uniq_crazy_yiuf_cottage

Skill      XL: |  1  2  3  4 |
---------------+-------------+-----
Conjurations   | 2 |  2.5
Fighting       | 1 |  1.6
Armour         | 1 |  1.5
Fire Magic     | 4 |  4.4
Dodging        | 3 |  3.0
Stealth        | |  2.0
Spellcasting   | |  2.4

Action                   |  1- 3 |  4- 6 || total
-------------------------+-------+-------++-------
 Cast: Foxfire           |    84 |    71 ||   155
       Scorch            |     1 |    22 ||    23
  Use: Scroll            |     3 |     1 ||     4
       Potion            |       |     2 ||     2
Armor: Robe              |     2 |     8 ||    10
Dodge: Dodged            |     8 |    29 ||    37

Table legend: (Time is in decaauts)
 A = Elapsed time spent in this place.
 B = Non-inter-level travel time spent in this place.
 C = Inter-level travel time spent in this place.
 D = Time resting spent in this place.
 E = Time spent auto-exploring this place.
 F = Levels seen in this place.
 G = Mean time per level.
                   A        B        C        D        E       F      G
               +--------+--------+--------+--------+--------+-----+--------+
         Total |   3080 |   2971 |    109 |    182 |   2245 |   4 |  770.0 |
       Dungeon |   3080 |   2971 |    109 |    182 |   2245 |   4 |  770.0 |
               +--------+--------+--------+--------+--------+-----+--------+

Top non-repeatable levels by time:
     D:2: 1719 daAuts
     D:1: 799 daAuts
     D:3: 552 daAuts
     D:4: 8 daAuts
